 Dungeon Crawl Stone Soup version 0.28-a0-1159-g27aa881441 (webtiles) character file.

Game seed: 3746100500173579510

312 patchburns1 the Skirmisher (level 6, -8/48 HPs)
             Began as a Demonspawn Fighter on Dec 15, 2021.
             Killed by divine providence
             ... invoked by an orc priest
              (12 damage)
             ... on level 4 of the Dungeon.
             The game lasted 00:10:43 (2784 turns).

patchburns1 the Skirmisher (Demonspawn Fighter)     Turns: 2784, Time: 00:10:43

Health: -8/48      AC:  9    Str: 18    XL:     6   Next: 18%
Magic:  7/7        EV:  7    Int: 10    God:
Gold:   156        SH:  4    Dex: 12    Spells: 5/5 levels left

rFire   . . .      SeeInvis .   a - +0 trident
rCold   . . .      Faith    .   c - +0 buckler
rNeg    . . .      Spirit   .   k - +0 chain mail
rPois   .          Reflect  .   (helmet restricted)
rElec   .          Harm     .   (no cloak)
rCorr   .          Rampage  .   (no gloves)
Will    .....                   (no boots)
Stlth   ..........              (no amulet)
HPRegen 0.16/turn               (no ring)
MPRegen 0.10/turn               (no ring)

@: no status effects
A: horns 1, powered by pain 1
a: no special abilities


You were on level 4 of the Dungeon.
You visited 1 branch of the dungeon, and saw 4 of its levels.

You collected 186 gold pieces.
You spent 30 gold pieces at shops.

Inventory:

Hand Weapons
 a - a +0 trident (weapon)
Missiles
 g - 23 sling bullets
 m - 68 stones (quivered)
 v - 48 arrows
 x - 4 silver javelins
Armour
 b - a +0 scale mail
 c - a +0 buckler (worn)
 f - a +0 helmet
 k - a +0 chain mail (worn)
Magical Staves
 l - a staff of cold
Jewellery
 y - a ring of ice
Scrolls
 e - a scroll of immolation {unknown}
 o - a scroll of noise {unknown}
 p - a scroll of fog {unknown}
 s - a scroll of holy word {unknown}
 u - a scroll of enchant weapon {unknown}
Potions
 d - a potion of might
 h - 2 potions of brilliance
 i - a potion of haste {unknown}
 n - a potion of magic {unknown}
 q - a potion of berserk rage {unknown}
 r - a potion of curing
 t - a potion of attraction {unknown}
 w - 2 potions of flight


   Skills:
 * Level 4.0 Fighting
 * Level 3.1 Polearms
 + Level 0.7 Throwing
 * Level 3.7 Armour
 + Level 0.9 Dodging
 * Level 3.6 Shields
 + Level 1.3 Invocations
 + Level 1.2 Evocations


You had 5 spell levels left.
You didn't know any spells.
Your spell library contained the following spells:

 Spells                   Type           Power      Damage    Failure   Level
 Passwall                 Tmut/Erth      0%         N/A       100%        2
 Scorch                   Fire           0%         2d5       100%        2
 Swiftness                Air            0%         N/A       100%        3
 Flame Wave               Conj/Fire      0%         2d4       100%        4
 Summon Cactus Giant      Summ           0%         N/A       100%        6


Dungeon Overview and Level Annotations

Branches:
Dungeon (4/15)
 Temple: D:4-7

Altars:
Trog
Zin

Shops:
D:1 !


Innate Abilities, Weirdness & Mutations

You have a pair of small horns on your head.
You sometimes gain a little power by taking damage.


Message History

You barely miss the scorpion.
The scorpion is heavily wounded.
The scorpion stings you but does no damage.
You hit the scorpion but do no damage.
The scorpion is heavily wounded.
The scorpion stings you.
You barely miss the scorpion.
The scorpion is heavily wounded.
The scorpion stings you. x2
You are poisoned.
The scorpion poisons you!
You closely miss the scorpion.
The scorpion is heavily wounded.
You feel very sick. The scorpion barely misses you.
You hit the scorpion but do no damage.
The scorpion is heavily wounded.
You feel sick. The scorpion closely misses you. The scorpion stings you.
* * * LOW HITPOINT WARNING * * *
You closely miss the scorpion. You headbutt the scorpion.
The scorpion is severely wounded.
You feel sick. You block the scorpion's attack.
You completely miss the scorpion. Your headbutt misses the scorpion.
The scorpion is severely wounded.
You feel sick. The scorpion stings you.
* * * LOW HITPOINT WARNING * * *
The scorpion stings you.
* * * LOW HITPOINT WARNING * * *
You are lethally poisoned!
The scorpion poisons you!
You feel better.
The orc priest mumbles some strange prayers to Beogh against you.
Beogh smites you!
* * * LOW HITPOINT WARNING * * *
The scorpion stings you but does no damage.
You hit the scorpion.
The scorpion is almost dead.
The orc priest invokes the aid of Beogh against you.
Beogh smites you!
You die...

#..............
#..............
###..##..##.#####
#....##..##.###.###
#....#....<.......#
#....#....).......+
#....#............#
#....#............#
#..@.#............#
##s########..##...#
..#.###W##### #..#
...# .......oo...#
...+ ...
.......o[...# ...#
.. ##########..#
..##
##..###.<##..######
#........#....#
#....oooo'....#


You could see a phantom, a scorpion, an orc priest and an orc.

Vanquished Creatures
  A bullfrog zombie (D:3)
  A hound (D:4)
  Jessica (D:2)
  An iguana (D:2)
  Natasha (thrice) (D:2)
  2 orc wizards (D:3)
  2 adders
  An ufetubus (D:3)
  2 dart slugs
  2 orcs (D:3)
  5 ball pythons
  5 endoplasms
  4 giant cockroaches
  5 goblins
  3 hobgoblins
  4 jackals (D:3)
  A quokka (D:2)
  4 bats
  3 frilled lizards
  4 kobolds
  4 rats
58 creatures vanquished.

Notes
Turn   | Place    | Note
-------+----------+-------------------------------------------
     0 | D:1      | patchburns1 the Demonspawn Fighter began the quest for the
                  | Orb.
     0 | D:1      | Reached XP level 1. HP: 18/18 MP: 1/1
   117 | D:1      | Found a faded altar of an unknown god.
   132 | D:1      | Gained mutation: You have a pair of small horns on your
                  | head. [demonic ancestry]
   132 | D:1      | Reached XP level 2. HP: 24/24 MP: 2/2
   509 | D:1      | Found Cipec's Distillery.
   517 | D:1      | Bought a potion of curing for 30 gold pieces
   768 | D:2      | Noticed Natasha
   779 | D:2      | Killed Natasha
   780 | D:2      | Reached XP level 3. HP: 22/29 MP: 3/3
   922 | D:2      | Noticed Natasha
   934 | D:2      | Killed Natasha
   935 | D:2      | Reached XP level 4. HP: 28/35 MP: 4/4
  1070 | D:2      | Noticed Jessica
  1072 | D:2      | Killed Jessica
  1471 | D:2      | Noticed Natasha
  1473 | D:2      | Killed Natasha
  1474 | D:2      | Reached XP level 5. HP: 42/42 MP: 5/5
  1585 | D:2      | Reached skill level 1 in Invocations
  1766 | D:3      | Reached skill level 1 in Evocations
  2182 | D:3      | Reached skill level 4 in Fighting
  2182 | D:3      | Gained mutation: You sometimes gain a little power by
                  | taking damage. [demonic ancestry]
  2182 | D:3      | Reached XP level 6. HP: 39/48 MP: 6/6
  2465 | D:3      | Found a bloodstained altar of Trog.
  2784 | D:4      | Killed from afar by an orc priest

Illustrated notes

Levels and vault maps discovered:
D:1:      eino_arrival_druids_welcome, layout_basic, serial_shops, shop,
          hellmonk_ecumenical_altar_lost_god
D:2:      layout_loops_ring, moated_statue, uniq_jessica, uniq_natasha
D:3:      layout_basic, lemuel_round_altar, mainiacjoe_overflow_paths
D:4:      layout_gridville, uniq_duvessa

Skill      XL: |  1  2  3  4  5 |
---------------+----------------+-----
Polearms       | 2 3 |  3.1
Armour         | 3 |  3.7
Shields        | 3 |  3.6
Invocations    | 1 |  1.3
Evocations     | 1 |  1.2
Fighting       | 4 |  4.0
Throwing       | |  0.7
Dodging        | |  0.9

Action                   |  1- 3 |  4- 6 || total
-------------------------+-------+-------++-------
Melee: Trident           |    53 |   150 ||   203
       Headbutt          |     3 |    27 ||    30
  Use: Scroll            |       |     3 ||     3
       Potion            |       |     1 ||     1
Armor: Scale mail        |    11 |       ||    11
       Chain mail        |    17 |    77 ||    94
Dodge: Dodged            |    13 |    57 ||    70
Block: Buckler           |    13 |    28 ||    41

Table legend: (Time is in decaauts)
 A = Elapsed time spent in this place.
 B = Non-inter-level travel time spent in this place.
 C = Inter-level travel time spent in this place.
 D = Time resting spent in this place.
 E = Time spent auto-exploring this place.
 F = Levels seen in this place.
 G = Mean time per level.
                   A        B        C        D        E       F      G
               +--------+--------+--------+--------+--------+-----+--------+
         Total |   2822 |   2795 |     27 |      2 |   1892 |   4 |  705.5 |
       Dungeon |   2822 |   2795 |     27 |      2 |   1892 |   4 |  705.5 |
               +--------+--------+--------+--------+--------+-----+--------+

Top non-repeatable levels by time:
     D:2: 979 daAuts
     D:3: 916 daAuts
     D:1: 769 daAuts
     D:4: 157 daAuts
